 Dungeon Crawl Stone Soup version 0.21.1-1-g345015f (webtiles) character file.

434 inc the Magician (level 7, -1/41 HPs)
             Began as an Octopode Enchanter on Apr 23, 2018.
             Slain by a centaur (7 damage)
             ... on level 5 of the Dungeon.
             The game lasted 00:05:49 (3863 turns).

inc the Magician (Octopode Enchanter)               Turns: 3863, Time: 00:05:50

Health: -1/41      AC:  1    Str:  8    XL:     7   Next: 0%
Magic:  13/15      EV: 13    Int: 19    God:
Gold:   42         SH:  0    Dex: 12    Spells: 11/17 levels left

rFire    . . .     SeeInvis .   a - +1 dagger
rCold    + . .     Gourm    .   (no shield)
rNeg     . . .     Faith    .   (helmet restricted)
rPois    .         Spirit   .   (no amulet)
rElec    .         Reflect  .   e - ring of protection from magic
rCorr    .         Harm     .   j - ring of flight
MR       +....                  q - ring of protection from cold
Stlth    ++++......             (no ring)
HPRegen  0.13/turn              (no ring)
MPRegen  0.14/turn              (no ring)
                                (no ring)
                                (no ring)

@: no status effects
A: almost no armour, stealthy swim, amphibious, 8 rings, constrict 8, camouflage
1, gelatinous body 1
a: Evoke Flight


You were on level 5 of the Dungeon.
You were very hungry.

You visited 1 branch of the dungeon, and saw 5 of its levels.

You collected 154 gold pieces.
You spent 112 gold pieces at shops.

Inventory:

Hand Weapons
 a - a +1 dagger (weapon)
Magical Staves
 l - an uncursed staff of air
 o - an uncursed staff of poison
Jewellery
 e - a ring of protection from magic (left tentacle)
 f - an uncursed amulet of inaccuracy
 j - a ring of flight (right tentacle)
 q - a ring of protection from cold (on tentacle)
Scrolls
 g - 2 scrolls of identify
 h - 2 scrolls of teleportation
 m - a scroll of noise
 n - 2 scrolls of enchant armour
Potions
 d - 2 potions of heal wounds {unknown}
 i - a potion of agility {unknown}
 k - 2 potions of curing
 p - a potion of lignification {unknown}
 s - a potion of mutation
Books
 b - a book of Maledictions

   Spells                             Type                      Level
   a - Corona                         Hexes                        1
   b - Ensorcelled Hibernation        Hexes/Ice                    2
   c - Confuse                        Hexes                        3
   d - Tukima's Dance                 Hexes                        3
   e - Dazzling Spray                 Conjuration/Hexes            3
Comestibles
 c - 7 rations


   Skills:
 - Level 1.0 Short Blades
 - Level 2.0 Dodging
 - Level 4.6 Stealth
 - Level 5.6 Spellcasting
 + Level 4.3 Hexes
 + Level 1.0 Ice Magic


You had 11 spell levels left.
You knew the following spells:

 Your Spells              Type           Power        Failure   Level  Hunger
a - Corona                Hex            ###....      1%          1    None
b - Ensorcelled Hibernat  Hex/Ice        ###...       6%          2    None
c - Confuse               Hex            ###.....     6%          3    ##.....


Dungeon Overview and Level Annotations

Branches:
Dungeon (5/15)
 Temple: D:4-7

Altars:
Okawaru
Wu Jian

Shops:
D:4 !

Annotations:
D:3 Hasart's ghost, amateur GrFi


Innate Abilities, Weirdness & Mutations

You cannot wear most types of armour.
You are very stealthy in the water. (Stealth+)
You are amphibious.
You can wear up to eight rings at the same time.
You can use your tentacles to constrict eight enemies at once.
Your skin changes colour to match your surroundings (Stealth+).
Your rubbery body absorbs attacks. (AC +1, EV +1)


Message History

You see here an arrow.
Casting: Ensorcelled Hibernation
Confirm with . or Enter, or press ? or * to list all spells.
Aiming: Ensorcelled Hibernation
Press: ? - help, Shift-Dir - straight line, f - centaur
Aim: a centaur, wielding a shortbow (chance to defeat MR: 46%)
The centaur looks drowsy...
The leopard gecko bites you.
The helpless centaur fails to defend itself.
You puncture the centaur!
The centaur is severely wounded.
The centaur unwields an uncursed shortbow.
The centaur hits you.
* * * LOW HITPOINT WARNING * * *
The leopard gecko completely misses you.
The centaur hits you!
* * * LOW HITPOINT WARNING * * *
Unknown command.
It was a potion of curing.
You feel better. The leopard gecko barely misses you. The centaur hits you!
You die...

... # ####.### #.
##......### #..
#..........
#...#####.....>..#.
.........).<#.....#
...................
.....).<(l.......##
#...#####@#..#.....
. #.c.[....##
#.......#..
..##.##.# . .#.# .#
.# #...# .. . # ..#
# ... #...


You could see a centaur and a leopard gecko.

Vanquished Creatures
  The ghost of inc the Sneak, an amateur OpEn (D:4)
  An ogre (D:4)
  A crimson imp (D:4)
  Crazy Yiuf (D:2)
  An orc wizard (D:4)
  An orc priest (D:5)
  A worker ant (D:5)
  A howler monkey skeleton (D:4)
  2 adders (D:3)
  An ooze (D:1)
  2 adder skeletons (D:4)
  A worm (D:2)
  A leopard gecko (D:2)
  9 orcs
  3 giant cockroaches
  9 goblins
  3 hobgoblins
  5 kobolds
  8 bats
  3 frilled lizards
  A giant cockroach zombie (D:5)
  5 rats
61 creatures vanquished.

Notes
Turn   | Place    | Note
-------+----------+-------------------------------------------
     0 | D:1      | inc the Octopode Enchanter began the quest for the Orb.
     0 | D:1      | Reached XP level 1. HP: 11/11 MP: 3/3
   105 | D:1      | Reached XP level 2. HP: 17/17 MP: 5/5
   109 | D:1      | Learned a level 2 spell: Ensorcelled Hibernation
   536 | D:2      | Reached skill level 3 in Spellcasting
   536 | D:2      | Reached XP level 3. HP: 21/21 MP: 5/7
   901 | D:2      | Found an ornate altar of the Wu Jian Council.
   992 | D:2      | Found a runed door.
  1392 | D:2      | Noticed Crazy Yiuf
  1400 | D:2      | Killed Crazy Yiuf
  1400 | D:2      | Reached XP level 4. HP: 23/27 MP: 7/9
  1815 | D:3      | Reached skill level 4 in Spellcasting
  1977 | D:3      | Noticed Hasart's ghost (amateur GrFi)
  1989 | D:2      | Learned a level 3 spell: Confuse
  2197 | D:4      | Reached XP level 5. HP: 15/31 MP: 8/11
  2403 | D:4      | Reached skill level 5 in Spellcasting
  2509 | D:4      | Found an iron altar of Okawaru.
  2654 | D:4      | Noticed an ogre
  2665 | D:4      | Killed an ogre
  2665 | D:4      | Reached XP level 6. HP: 14/36 MP: 6/14
  2860 | D:4      | Found Oviubb's Distillery.
  2863 | D:4      | Bought a potion of mutation for 112 gold pieces
  2961 | D:4      | Noticed inc's ghost (amateur OpEn)
  3004 | D:5      | Entered Level 5 of the Dungeon
  3134 | D:4      | Killed inc's ghost
  3573 | D:5      | Reached skill level 1 in Ice Magic
  3575 | D:5      | Reached XP level 7. HP: 5/41 MP: 6/15
  3862 | D:5      | HP: 1/41 [centaur (9)]
  3863 | D:5      | Slain by a centaur

Skill      XL: |  1  2  3  4  5  6 |
---------------+-------------------+-----
Spellcasting   | 3 4 5 |  5.6
Hexes          | 4 |  4.3
Ice Magic      | 1 |  1.0
Short Blades   | |  1.0
Dodging        | |  2.0
Stealth        | |  4.6

Action                   |  1- 3 |  4- 6 |  7- 9 || total
-------------------------+-------+-------+-------++-------
Melee: Dagger            |    62 |    89 |     2 ||   153
       Constrict         |    11 |    11 |       ||    22
       Tentacles         |     7 |     9 |       ||    16
 Cast: Ensorcelled Hiber |     1 |    13 |     2 ||    16
       Confuse           |       |     5 |       ||     5
  Use: Scroll            |     4 |     5 |       ||     9
       Potion            |       |       |     1 ||     1
 Stab: Sleeping          |    12 |    18 |     2 ||    32
       Distracted        |     1 |     1 |       ||     2
       Confused          |       |     1 |       ||     1
  Eat: Chunk             |     1 |     6 |     1 ||     8
Armor: Skin              |     8 |     4 |       ||    12
Dodge: Dodged            |    45 |    51 |     5 ||   101
